 Dungeon Crawl Stone Soup version 0.27.1-34-g3ba077fa99 (webtiles) character file.

Game seed: 2173999969484871840

30 Thelegobrick4 the Magician (level 3, 0/25 HPs)
             Began as a Djinni Hedge Wizard on Jan 16, 2022.
             Slain by an adder (1 damage)
             ... on level 2 of the Dungeon.
             The game lasted 00:10:35 (2171 turns).

Thelegobrick4 the Magician (Djinni Hedge Wizard)    Turns: 2171, Time: 00:10:36

Health: 0/25       AC:  2    Str:  9    XL:     3   Next: 35%
Gold:   59         EV: 12    Int: 16    God:
                   SH:  0    Dex: 12

rFire    + + .     SeeInvis .   a - +0 dagger (flame)
rCold    x . .     Faith    .   (no shield)
rNeg     . . .     Spirit   .   b - +0 robe
rPois    ∞         Reflect  .   c - +0 hat
rElec    .         Harm     .   (no cloak)
rCorr    .         Rampage  .   (no gloves)
Will     .....                  (boots unavailable)
Stlth    ++........             (no amulet)
HPRegen  0.08/turn              (no ring)
MPRegen  0.00/turn              (no ring)

@: flying, studying Maces & Flails
A: sickness immunity, fire resistance 2, cold vulnerability 1, float, innate
caster, hp casting, extra vitality 1
a: no special abilities


You were on level 2 of the Dungeon.
You visited 1 branch of the dungeon, and saw 2 of its levels.

You collected 59 gold pieces.

Inventory:

Hand Weapons
 a - a +0 dagger of flaming (weapon)
 g - a +0 mace
Missiles
 f - 14 poisoned darts
Armour
 b - a +0 robe (worn)
 c - a +0 hat (worn)
 h - a +0 robe
Scrolls
 d - 2 scrolls of brand weapon
Potions
 e - a potion of resistance
 i - a potion of curing


   Skills:
 + Level 2.3 Dodging
 + Level 2.1 Stealth
 + Level 3.0 Spellcasting


You couldn't memorise any spells.
You knew the following spells:

 Your Spells              Type           Power      Damage    Failure   Level
a - Magic Dart            Conj           48%        1d5       5%          1
b - Blink                 Tloc           N/A        N/A       9%          2
c - Call Imp              Summ           12%        N/A       9%          2
d - Slow                  Hex            12%        N/A       9%          2
e - Conjure Flame         Conj/Fire      12%        6-21      16%         3
f - Mephitic Cloud        Conj/Pois/Air  12%        N/A       16%         3
g - Shock                 Conj/Air       48%        1d6       5%          1
Your spell library was empty.

Dungeon Overview and Level Annotations

Branches:
Dungeon (2/15)

Altars:

Annotations:
D:2 Natasha


Innate Abilities, Weirdness & Mutations

You are immune to sickness and miasma.
You are immune to poison.
Your flesh is very heat resistant. (rF++)
You are vulnerable to cold. (rC-)
You float through the air rather than walking.
You learn spells naturally, not from books.
Your magical power is your life essence.
You have superior vitality. (+4 HP)


Message History

The crimson imp hits your crimson imp.
Your crimson imp hits the crimson imp.
An adder comes into view.
The crimson imp hits your crimson imp.
Your crimson imp closely misses the crimson imp.
Something barely misses your crimson imp.
Casting: Call Imp (safe; 9% risk of failure)
Confirm with . or Enter, or press ? or * to list all spells.
Aiming: Magic Dart (safe; 5% risk of failure)
Press: ? - help, Shift-Dir - straight line, f - adder
Aim: an adder (100% to hit)
The magic dart hits the adder.
The adder is lightly wounded.
* * * LOW HITPOINT WARNING * * *
The crimson imp completely misses your crimson imp.
Casting: Magic Dart (safe; 5% risk of failure)
Confirm with . or Enter, or press ? or * to list all spells.
Aiming: Magic Dart (safe; 5% risk of failure)
Press: ? - help, Shift-Dir - straight line, f/p - adder
Aim: an adder (lightly wounded, ally target, 100% to hit)
The magic dart hits the adder.
The adder is heavily wounded.
* * * LOW HITPOINT WARNING * * *
Casting: Magic Dart (safe; 5% risk of failure)
Confirm with . or Enter, or press ? or * to list all spells.
You don't have enough health to cast this spell.
Unknown command.
Casting: Magic Dart (safe; 5% risk of failure)
Confirm with . or Enter, or press ? or * to list all spells.
You don't have enough health to cast this spell.
Unknown command.
Casting: Magic Dart (safe; 5% risk of failure)
Confirm with . or Enter, or press ? or * to list all spells.
You don't have enough health to cast this spell.
Unknown command.
Casting: Magic Dart (safe; 5% risk of failure)
Confirm with . or Enter, or press ? or * to list all spells.
Okay, then.
An adder comes into view.
The adder bites you.
You die...

#..K5..##......#
.
###Jr.####..####
#h### .... #.###
.... #...# ..(.#
###5# #5# #.#
#@# #S# #.# ...
..# #..# #...
#S##


You could see a crimson imp (summoned), 2 adders and a friendly crimson imp
(summoned).

Vanquished Creatures
  A worm (D:2)
  A dart slug (D:1)
  An endoplasm (D:1)
  3 goblins
  2 hobgoblins (D:1)
  A quokka (D:2)
  3 ball pythons (D:1)
  4 bats
  5 frilled lizards
  2 kobolds
  2 rats (D:1)
25 creatures vanquished.

Notes
Turn   | Place    | Note
-------+----------+-------------------------------------------
     0 | D:1      | Thelegobrick4 the Djinni Hedge Wizard began the quest for
                  | the Orb.
     0 | D:1      | Reached XP level 1. HP: 15/15 MP: 0/0
   581 | D:1      | Reached XP level 2. HP: 19/21 MP: 0/0
  1804 | D:2      | Reached skill level 3 in Spellcasting
  1804 | D:2      | Reached XP level 3. HP: 23/25 MP: 0/0
  1804 | D:2      | Learned a level 1 spell: Shock
  2140 | D:2      | Noticed Natasha
  2171 | D:2      | Slain by an adder

Illustrated notes

Levels and vault maps discovered:
D:1:      ncdulo_halloftheorcs, layout_basic
D:2:      layout_loops_cross, minmay_tetromino_o4, uniq_natasha

Skill      XL: |  1  2  3 |
---------------+----------+-----
Spellcasting   | 3 |  3.0
Stealth        | 2 |  2.1
Dodging        | |  2.3

Action                   || total
-------------------------++-------
 Cast: Magic Dart        ||    51
       Blink             ||     2
       Call Imp          ||     2
       Shock             ||    10
       Conjure Flame     ||     1
  Use: Scroll            ||     2
       Potion            ||     2
Armor: Robe              ||     8
Dodge: Dodged            ||    13
